 Dungeon Crawl Stone Soup version 0.26.0-16-gc1dbca0489 (webtiles) character file.

Game seed: 14329405488185416502

51 BOMJPIETVODKU the Ruffian (level 3, -2/29 HPs)
             Began as a Draconian Transmuter on Jan 19, 2021.
             Slain by kthxbai's ghost (12 damage)
             ... on level 3 of the Dungeon.
             The game lasted 00:07:33 (2140 turns).

BOMJPIETVODKU the Ruffian (Draconian Transmuter)    Turns: 2140, Time: 00:07:33

Health: -2/29      AC:  5    Str: 12    XL:     3   Next: 58%
Magic:  4/6        EV: 12    Int: 14    God:
Gold:   144        SH:  0    Dex: 11    Spells: 3/6 levels left

rFire    . . .     SeeInvis .     - Unarmed
rCold    . . .     Faith    .   (no shield)
rNeg     . . .     Spirit   .   (armour unavailable)
rPois    .         Reflect  .   (helmet currently unavailable)
rElec    .         Harm     .   (no cloak)
rCorr    .         Rampage  .   (no gloves)
Will     .....                  (boots currently unavailable)
Stlth    +.........             (no amulet)
HPRegen  0.09/turn              k - ring of wizardry
MPRegen  0.10/turn              i - ring of wizardry

@: appendages (expiring), wereblooded, flying
A: unfitting armour, horns 2, talons 2, cold-blooded, AC +5
a: End Transformation


You were on level 3 of the Dungeon.
You had grown temporary horns.
You had grown temporary talons.
You visited 1 branch of the dungeon, and saw 3 of its levels.

You collected 144 gold pieces.

Inventory:

Jewellery
 h - an uncursed ring of stealth
 i - a ring of wizardry (right hand)
 j - an uncursed ring of flight
 k - a ring of wizardry (left hand)
Scrolls
 a - 2 scrolls of amnesia {unknown}
 b - a scroll of magic mapping {unknown}
 f - 2 scrolls of remove curse
 g - a scroll of identify
 l - a scroll of random uselessness {unknown}
Potions
 e - a potion of resistance {unknown}


   Skills:
 * Level 2.0 Fighting
 + Level 2.1 Dodging
 + Level 0.4 Stealth
 + Level 3.6 Unarmed Combat
 + Level 2.1 Spellcasting
 + Level 2.3 Transmutations


You had 3 spell levels left.
You knew the following spells:

 Your Spells              Type           Power        Failure   Level
a - Beastly Appendage     Tmut           14%          2%          1
b - Wereblood             Tmut           7%           4%          2

Your spell library contained the following spells:

 Spells                   Type           Power        Failure   Level
 Spider Form              Tmut/Pois      2%           12%         3
 Ice Form                 Ice/Tmut       4%           34%         4
 Blade Hands              Tmut           3%           50%         5


Dungeon Overview and Level Annotations

Branches:
Dungeon (3/15)

Altars:

Annotations:
D:3 kthxbai's ghost, amateur TrTm


Innate Abilities, Weirdness & Mutations

Your plain brown scales are hard. (AC +5)
You cannot fit into any form of body armour.
You are cold-blooded and may be slowed by cold attacks.
You have a pair of horns on your head.
You have razor-sharp toenails.


Message History

Your transformation is almost over.
Kthxbai's ghost hits you.
Unknown command.
You hit kthxbai's ghost but do no damage.
You claw kthxbai's ghost, but do no damage.
You headbutt kthxbai's ghost.
Kthxbai's ghost is moderately damaged.
Kthxbai's ghost misses you.
You hit kthxbai's ghost but do no damage.
Kthxbai's ghost is moderately damaged.
Kthxbai's ghost hits you.
You hit kthxbai's ghost.
You headbutt kthxbai's ghost, but do no damage.
Your punch misses kthxbai's ghost.
Kthxbai's ghost is moderately damaged.
Kthxbai's ghost hits you!
It was a potion of flight.
You feel very buoyant.
You fly up into the air.
Kthxbai's ghost hits you!
You die...

#.#..##⌠##.....#####
#...##...##.........
#..##.....##.#.####
#..#⌠.!♣!.⌠#...#
#..##.....##...#####
#.#######...##...##.........
#.........#..##.##..#..#####
##...#######..#W#..##..#
..... #...@..###..# ####
#.####.# #..# ...####.###..#
###...........#####
######..........#
#####..###.# ##### ##.# #.#
# ....### #.# #.# # #.....#
#.# #.# #


You could see kthxbai's ghost.

Vanquished Creatures
  2 oozes (D:1)
  A worm (D:2)
  2 dart slugs
  2 leopard geckos
  A ball python (D:2)
  A giant cockroach (D:1)
  4 goblins (D:1)
  5 hobgoblins (D:1)
  3 jackals (D:1)
  A quokka (D:2)
  2 bats
  2 frilled lizards
  6 rats
32 creatures vanquished.

Notes
Turn   | Place    | Note
-------+----------+-------------------------------------------
     0 | D:1      | BOMJPIETVODKU the Draconian Transmuter began the quest for
                  | the Orb.
     0 | D:1      | Reached XP level 1. HP: 16/16 MP: 3/3
   221 | D:1      | Reached XP level 2. HP: 23/23 MP: 3/5
   697 | D:1      | Reached XP level 3. HP: 28/28 MP: 4/6
  1688 | D:2      | Learned a level 2 spell: Wereblood
  2083 | D:3      | Found a runed translucent door.
  2083 | D:3      | Noticed kthxbai's ghost (amateur TrTm)
  2140 | D:3      | Slain by kthxbai's ghost

Illustrated notes

Levels and vault maps discovered:
D:1:      dpeg_arrival_round_a, layout_loops_corners
D:2:      layout_rooms
D:3:      layout_loops_ring, hellmonk_ghost_happy_afterlife

Skill      XL: |  1  2  3 |
---------------+----------+-----
Dodging        | 2 |  2.1
Fighting       | 2 |  2.0
Stealth        | |  0.4
Unarmed Combat | |  3.6
Spellcasting   | |  2.1
Transmutations | |  2.3

Action                   || total
-------------------------++-------
Melee: Unarmed           ||   124
       Tailslap          ||    14
       Kick              ||    15
       Headbutt          ||     8
       Punch             ||     2
 Cast: Beastly Appendage ||     9
       Wereblood         ||     2
  Use: Scroll            ||     3
       Potion            ||     2
 Stab: Sleeping          ||     1
Armor: Skin              ||    26
Dodge: Dodged            ||    65
